Senateurs vs Bruins
Created - May 26, 2025 at 19:47
Goals
|
| Senateurs |
1 |
0 |
0 |
1 |
2 |
| Bruins |
0 |
1 |
0 |
0 |
1 |
|
Shots
|
| Senateurs |
10 |
13 |
6 |
4 |
33 |
| Bruins |
12 |
13 |
10 |
2 |
37 |
|
1st period
1. Senateurs , Nick Bjugstad 36 (Alex Iafallo 51, Michael Frolik 31) at 6:26
Penalties :
Jake Gardiner (Ott) for Holding (Minor) at 10:48, Eric Wellwood (Bos) for Cross-checking (Minor) at 17:34
2nd period
2. Bruins , Gabriel Landeskog 45 (Zemgus Girgensons 12) at 18:02
Penalties :
Nick Bjugstad (Ott) for Slashing (Minor) at 11:50, Torey Krug (Bos) for Cross-checking (Minor) at 15:01
3rd period
No Goal
Penalties :
Zachary Sanford (Ott) for Slashing (Double Minor) at 0:39, Zach Bogosian (Ott) for High sticking (Minor) at 18:41
Overtime #1
3. Senateurs , Michael Frolik 32 (Zach Bogosian 35, Adam Henrique 23) at 3:27
Penalties :
No Penalty
Goalie Stats
Martin Jones (Ott), 36 saves from 37 shots - (0.973), W, 18-18-7, 63:27 minutes
Kevin Poulin (Bos), 31 saves from 33 shots - (0.939), OTL, 31-28-13, 63:27 minutes
Players Stats for Senateurs
Player Name G A P +/- PIM S H SB GA TA FO MP PP MP PK MP
------------------------------------------------------------------------------------
Adam Henrique 0 1 1 0 0 3 1 0 0 0 7/14 18:14 0:00 2:37
Alex Iafallo 0 1 1 0 0 6 3 0 3 0 0/1 23:30 2:31 4:22
Anton Lindholm 0 0 0 1 0 1 1 3 0 1 0/0 16:52 0:00 1:57
Brendan Smith 0 0 0 1 0 0 1 1 0 0 0/0 12:10 0:00 1:50
Christoph Bertschy 0 0 0 0 0 2 0 0 0 0 1/2 6:25 0:00 0:14
Eric Gelinas 0 0 0 0 0 0 0 2 0 0 0/0 21:40 1:37 5:15
Jake Gardiner 0 0 0 -1 2 0 2 3 0 2 0/0 25:00 2:21 3:38
Jared Cowen 0 0 0 0 0 1 0 1 0 2 0/0 22:50 1:37 3:10
Jeremy Morin 0 0 0 0 0 2 1 0 0 0 0/0 9:13 0:00 2:18
Jesse Puljujarvi 0 0 0 0 0 1 2 2 0 1 0/1 6:11 0:00 0:00
Jordan Martinook 0 0 0 0 0 3 2 0 1 2 0/1 16:38 0:00 2:41
Michael Frolik 1 1 2 1 0 4 2 0 0 0 0/1 19:00 2:31 0:00
Nick Bjugstad 1 0 1 0 2 3 1 0 0 0 16/28 21:56 2:31 2:06
Quinton Howden 0 0 0 0 0 0 0 0 1 1 7/17 16:45 1:27 4:53
Richard Panik 0 0 0 0 0 2 1 0 0 0 0/1 12:21 1:27 0:00
Riley Sheahan 0 0 0 1 0 1 1 1 1 0 0/1 14:36 0:00 0:00
Zach Bogosian 0 1 1 0 2 3 1 3 0 1 0/0 26:33 2:21 4:02
Zachary Sanford 0 0 0 0 4 1 0 0 0 1 0/0 11:45 1:27 0:00
Players Stats for Bruins
Player Name G A P +/- PIM S H SB GA TA FO MP PP MP PK MP
------------------------------------------------------------------------------------
Adam Pelech 0 0 0 1 0 2 0 1 1 1 0/0 12:56 0:55 0:43
Alexander Wennberg 0 0 0 -1 0 5 1 0 1 1 6/10 19:17 3:51 1:25
Andreas Athanasiou 0 0 0 0 0 0 1 1 0 0 1/1 12:11 0:45 0:00
Beau Bennett 0 0 0 0 0 0 0 1 0 0 0/0 6:43 0:00 0:00
Casey Cizikas 0 0 0 0 0 5 1 0 1 0 7/8 12:01 0:44 0:00
David Backes 0 0 0 -1 0 2 1 0 1 1 0/0 17:48 3:48 0:00
Eric Wellwood 0 0 0 0 2 2 1 0 0 0 0/0 12:19 0:44 0:19
Gabriel Landeskog 1 0 1 1 0 5 2 0 0 0 2/4 24:23 4:43 2:37
Jason Demers 0 0 0 0 0 2 0 0 2 0 0/0 27:21 5:12 1:48
John Quenneville 0 0 0 0 0 0 0 0 0 0 2/4 6:34 0:00 0:00
Jonathan Toews 0 0 0 0 0 4 4 0 0 0 18/36 24:23 4:40 2:33
Josh Manson 0 0 0 -1 0 2 0 0 0 2 0/0 23:26 3:47 2:10
Madison Bowey 0 0 0 -1 0 0 1 3 2 0 0/0 26:54 4:49 1:48
Mattias Ekholm 0 0 0 1 0 0 2 1 0 0 0/0 11:47 0:00 0:00
Torey Krug 0 0 0 -1 2 1 0 2 0 0 0/0 22:36 3:47 1:27
Wojtek Wolski 0 0 0 -2 0 2 1 0 1 0 0/0 19:15 3:48 1:02
Zack Kassian 0 0 0 1 0 4 2 1 2 1 0/4 21:27 4:42 0:00
Zemgus Girgensons 0 1 1 0 0 1 0 0 0 0 0/0 6:34 0:00 0:00
3 Stars
1 - Martin Jones (Ott)
2 - Michael Frolik (Ott)
3 - Gabriel Landeskog (Bos)
Power Play
Senateurs - 0 on 2 Attempt(s) - 0.00%
Bruins - 0 on 5 Attempt(s) - 0.00%
Penalty Kill
Senateurs - 5 on 5 Attempt(s) - 100.00%
- Score 0 goal in Penalty Kill
Bruins - 2 on 2 Attempt(s) - 100.00%
- Score 0 goal in Penalty Kill
Team Stat
Senateurs - Hits : 19 - Faceoff Wins : 31 - Blocked Shots : 16 - Penalty Minutes : 10
Bruins - Hits : 17 - Faceoff Wins : 36 - Blocked Shots : 10 - Penalty Minutes : 4
Official
Referees : Garrett Rank and Jacob Brenk
Linesman : Kyle Flemington and Greg Devorski
Game Notes
11:21 of 2nd period - Bruins goal is going for a video replay. After video review, No Goal. The net was displaced accidentally.
Finance
Level 1 -- Attendance: 5817 (96.95%) -- Ticket Income $581,700
Level 2 -- Attendance: 4495 (89.90%) -- Ticket Income $314,650
Level 3 -- Attendance: 1866 (93.30%) -- Ticket Income $74,640
Level 4 -- Attendance: 4000 (100.00%) -- Ticket Income $120,000
Luxury Box -- Attendance: 876 (87.60%) -- Ticket Income $175,200
Game was played at the TD Garden.
Total Attendance: 17054 (94.74%)
Total Ticket Income: $1,266,190
Other Income: $189,928
Total Income: $1,456,118
Senateurs
5 vs 5 Forward
Center Left Wing Right Wing Time % Phy DF OF
1 Nick Bjugstad Alex Iafallo Michael Frolik 40 1 2 2
2 Adam Henrique Jordan Martinook Riley Sheahan 30 1 2 2
3 Quinton Howden Zachary Sanford Richard Panik 20 1 2 2
4 Christoph Bertschy Jeremy Morin Jesse Puljujarvi 10 1 2 2
5 vs 5 Defense
Defense Defense Time % Phy DF OF
1 Zach Bogosian Jake Gardiner 40 1 2 2
2 Jared Cowen Eric Gelinas 30 1 2 2
3 Brendan Smith Anton Lindholm 20 1 2 2
4 Jared Cowen Anton Lindholm 10 1 2 2
PowerPlay Forward
Center Left Wing Right Wing Time % Phy DF OF
1 Nick Bjugstad Alex Iafallo Michael Frolik 60 1 2 2
2 Quinton Howden Zachary Sanford Richard Panik 40 1 2 2
PowerPlay Defense
Defense Defense Time % Phy DF OF
1 Zach Bogosian Jake Gardiner 60 1 2 2
2 Jared Cowen Eric Gelinas 40 1 2 2
Penalty Kill 4 Players Forward
Center Wing Time % Phy DF OF
1 Quinton Howden Alex Iafallo 60 1 2 2
2 Nick Bjugstad Jordan Martinook 40 1 2 2
Penalty Kill 4 Players Defense
Defense Defense Time % Phy DF OF
1 Zach Bogosian Jake Gardiner 60 1 2 2
2 Jared Cowen Eric Gelinas 40 1 2 2
Penalty Kill - 3 Players Forward
Forward Time % Phy DF OF
1 Quinton Howden 60 1 2 2
2 Nick Bjugstad 40 1 2 2
Penalty Kill - 3 Players Defense
Defense Defense Time % Phy DF OF
1 Zach Bogosian Anton Lindholm 60 1 2 2
2 Jared Cowen Eric Gelinas 40 1 2 2
4 vs 4 Forward
Center Wing Time % Phy DF OF
1 Adam Henrique Alex Iafallo 60 1 2 2
2 Nick Bjugstad Jordan Martinook 40 1 2 2
4 vs 4 Defense
Defense Defense Time % Phy DF OF
1 Zach Bogosian Jake Gardiner 60 1 2 2
2 Jared Cowen Eric Gelinas 40 1 2 2
Last Minutes Offensive
Center Left Wing Right Wing Defense Defense
Adam Henrique Alex Iafallo Michael Frolik Zach Bogosian Jake Gardiner
Last Minutes Defensive
Center Left Wing Right Wing Defense Defense
Adam Henrique Alex Iafallo Michael Frolik Zach Bogosian Jake Gardiner
Goaltenders
Starting : Martin Jones
Backup : Mikko Koskinen
Extra Forwards
Normal : Alex Iafallo, Richard Panik, Jordan Martinook - PP : Alex Iafallo, Richard Panik - PK : Alex Iafallo
Extra Defensemen
Normal : Eric Gelinas, Brendan Smith, Anton Lindholm - PP : Eric Gelinas - PK : Eric Gelinas, Brendan Smith
Penalty Shots
Adam Henrique, Nick Bjugstad, Michael Frolik, Riley Sheahan, Alex Iafallo
Custom OT Lines Forwards
Adam Henrique, Nick Bjugstad, Michael Frolik, Riley Sheahan, Alex Iafallo, Richard Panik, Jordan Martinook, Quinton Howden, Jeremy Morin, Zachary Sanford
Custom OT Lines Defensemen
Zach Bogosian, Jake Gardiner, Jared Cowen, Eric Gelinas, Brendan Smith
Scratches
Dennis Everberg (Healthy), Gustav Nyquist (Healthy)
Bruins
5 vs 5 Forward
Center Left Wing Right Wing Time % Phy DF OF
1 Jonathan Toews Gabriel Landeskog Zack Kassian 40 1 1 3
2 Alexander Wennberg Wojtek Wolski David Backes 30 1 2 2
3 Casey Cizikas Eric Wellwood Andreas Athanasiou 20 1 1 3
4 John Quenneville Zemgus Girgensons Beau Bennett 10 1 2 2
5 vs 5 Defense
Defense Defense Time % Phy DF OF
1 Jason Demers Madison Bowey 40 1 3 1
2 Torey Krug Josh Manson 30 1 3 1
3 Adam Pelech Mattias Ekholm 20 1 2 2
4 Jason Demers Madison Bowey 10 1 2 2
PowerPlay Forward
Center Left Wing Right Wing Time % Phy DF OF
1 Jonathan Toews Gabriel Landeskog Zack Kassian 60 0 2 3
2 Alexander Wennberg Wojtek Wolski David Backes 40 0 2 3
PowerPlay Defense
Defense Defense Time % Phy DF OF
1 Jason Demers Madison Bowey 60 0 2 3
2 Torey Krug Josh Manson 40 1 2 2
Penalty Kill 4 Players Forward
Center Wing Time % Phy DF OF
1 Jonathan Toews Gabriel Landeskog 60 0 3 2
2 Alexander Wennberg Wojtek Wolski 40 0 3 2
Penalty Kill 4 Players Defense
Defense Defense Time % Phy DF OF
1 Jason Demers Madison Bowey 60 1 2 2
2 Torey Krug Josh Manson 40 1 2 2
Penalty Kill - 3 Players Forward
Forward Time % Phy DF OF
1 Jonathan Toews 60 0 3 2
2 Alexander Wennberg 40 0 3 2
Penalty Kill - 3 Players Defense
Defense Defense Time % Phy DF OF
1 Jason Demers Madison Bowey 60 0 4 1
2 Torey Krug Josh Manson 40 0 4 1
4 vs 4 Forward
Center Wing Time % Phy DF OF
1 Jonathan Toews Gabriel Landeskog 60 1 2 2
2 Alexander Wennberg Wojtek Wolski 40 1 2 2
4 vs 4 Defense
Defense Defense Time % Phy DF OF
1 Jason Demers Madison Bowey 60 1 2 2
2 Torey Krug Josh Manson 40 1 2 2
Last Minutes Offensive
Center Left Wing Right Wing Defense Defense
Jonathan Toews Gabriel Landeskog Zack Kassian Jason Demers Madison Bowey
Last Minutes Defensive
Center Left Wing Right Wing Defense Defense
Jonathan Toews Gabriel Landeskog Zack Kassian Jason Demers Madison Bowey
Goaltenders
Starting : Kevin Poulin
Backup : Tuukka Rask
Extra Forwards
Normal : Alexander Wennberg, David Backes, Andreas Athanasiou - PP : Alexander Wennberg, David Backes - PK : Alexander Wennberg
Extra Defensemen
Normal : Josh Manson, Adam Pelech, Mattias Ekholm - PP : Josh Manson - PK : Josh Manson, Adam Pelech
Penalty Shots
Gabriel Landeskog, Zack Kassian, Jonathan Toews, Wojtek Wolski, Alexander Wennberg
Custom OT Lines Forwards
Gabriel Landeskog, Zack Kassian, Jonathan Toews, Wojtek Wolski, Alexander Wennberg, David Backes, Andreas Athanasiou, Beau Bennett, Eric Wellwood, Casey Cizikas
Custom OT Lines Defensemen
Jason Demers, Madison Bowey, Torey Krug, Josh Manson, Adam Pelech
Scratches
Brett Pesce (Healthy)
% Time on Ice - Senateurs
Lines # - Real PCT - Wanted PCT - Time Play
Normal Forward
1 - 35% - 40% - 16:30
2 - 30% - 30% - 13:51
3 - 22% - 20% - 10:15
4 - 13% - 10% - 6:11
Normal Defense
1 - 39% - 40% - 18:24
2 - 30% - 30% - 14:05
3 - 22% - 20% - 10:20
4 - 8% - 10% - 3:58
PP Forward
1 - 63% - 60% - 2:31
2 - 37% - 40% - 1:27
PP Defense
1 - 59% - 60% - 2:21
2 - 41% - 40% - 1:37
PK Forward
1 - 71% - 60% - 6:34
2 - 29% - 40% - 2:41
PK Defense
1 - 66% - 60% - 6:05
2 - 34% - 40% - 3:10
PK3 Forward
1 - 100% - 60% - 0:41
2 - 0% - 40% - 0:00
PK3 Defense
1 - 100% - 60% - 0:41
2 - 0% - 40% - 0:00
44 Forward
1 - 0% - 60%
2 - 0% - 40%
44 Defense
1 - 0% - 60%
2 - 0% - 40%
Last Minute Offensive - 0:00
Last Minute Defensive - 0:00
Total
Forward - 60:41
Defense - 60:41
|
% Time on Ice - Bruins
Lines # - Real PCT - Wanted PCT - Time Play
Normal Forward
1 - 34% - 40% - 15:42
2 - 28% - 30% - 13:14
3 - 24% - 20% - 11:17
4 - 14% - 10% - 6:34
Normal Defense
1 - 35% - 40% - 16:33
2 - 35% - 30% - 16:21
3 - 25% - 20% - 11:47
4 - 4% - 10% - 2:06
PP Forward
1 - 56% - 60% - 5:09
2 - 44% - 40% - 4:06
PP Defense
1 - 59% - 60% - 5:28
2 - 41% - 40% - 3:47
PK Forward
1 - 78% - 60% - 3:05
2 - 22% - 40% - 0:53
PK Defense
1 - 45% - 60% - 1:48
2 - 55% - 40% - 2:10
PK3 Forward
1 - 0% - 60%
2 - 0% - 40%
PK3 Defense
1 - 0% - 60%
2 - 0% - 40%
44 Forward
1 - 100% - 60% - 0:41
2 - 0% - 40% - 0:00
44 Defense
1 - 78% - 60% - 0:32
2 - 22% - 40% - 0:09
Last Minute Offensive - 0:00
Last Minute Defensive - 0:00
Total
Forward - 60:41
Defense - 60:41
|
Play-by-Play
1st period
0:01 of 1st period - Nick Bjugstad wins face-off versus Jonathan Toews in neutral zone.
0:27 of 1st period - Jason Demers is hit by Adam Henrique and loses puck.
0:32 of 1st period - Slapshot by Jordan Martinook.
0:32 of 1st period - Stopped by Kevin Poulin with a rebound.
0:36 of 1st period - Snap shot by Adam Henrique.
0:36 of 1st period - Shot Misses the Net.
1:01 of 1st period - Jared Cowen is hit by Eric Wellwood.
1:43 of 1st period - Slapshot by Gabriel Landeskog.
1:43 of 1st period - Shot Misses the Net.
2:09 of 1st period - Wrist shot by Alexander Wennberg.
2:09 of 1st period - Shot Misses the Net.
2:18 of 1st period - Off-side.
2:19 of 1st period - Andreas Athanasiou wins face-off versus Quinton Howden in neutral zone.
2:42 of 1st period - Icing by Quinton Howden.
2:43 of 1st period - Jonathan Toews wins face-off versus Nick Bjugstad in Senateurs zone.
3:10 of 1st period - Snap shot by Adam Henrique.
3:10 of 1st period - Stopped by Kevin Poulin with a rebound.
3:17 of 1st period - Off-side.
3:18 of 1st period - Adam Henrique wins face-off versus Zack Kassian in neutral zone.
3:23 of 1st period - Slapshot by Jordan Martinook.
3:23 of 1st period - Stopped by Kevin Poulin without a rebound.
3:24 of 1st period - Adam Henrique wins face-off versus Jonathan Toews in Bruins zone.
4:53 of 1st period - Icing by Jake Gardiner.
4:54 of 1st period - Alexander Wennberg wins face-off versus Adam Henrique in Senateurs zone.
4:59 of 1st period - Wrist shot by Wojtek Wolski.
4:59 of 1st period - Shot Blocked by Riley Sheahan.
5:22 of 1st period - Slapshot by Zemgus Girgensons.
5:22 of 1st period - Stopped by Martin Jones without a rebound.
5:23 of 1st period - Nick Bjugstad wins face-off versus John Quenneville in Senateurs zone.
5:28 of 1st period - Snap shot by Nick Bjugstad.
5:28 of 1st period - Shot Blocked by Madison Bowey.
5:34 of 1st period - Nick Bjugstad is hit by Madison Bowey and loses puck.
5:53 of 1st period - Wrist shot by Eric Wellwood.
5:53 of 1st period - Shot Blocked by Jared Cowen.
5:59 of 1st period - Wrist shot by Eric Wellwood.
5:59 of 1st period - Shot Hit the Post.
6:01 of 1st period - Wrist shot by Josh Manson.
6:01 of 1st period - Stopped by Martin Jones with a rebound.
6:03 of 1st period - Snap shot by Eric Wellwood.
6:03 of 1st period - Stopped by Martin Jones with a rebound.
6:26 of 1st period - Slapshot by Nick Bjugstad.
6:26 of 1st period - Goal by Nick Bjugstad - Senateurs : 1 - Bruins : 0.
6:27 of 1st period - Gabriel Landeskog wins face-off versus Quinton Howden in neutral zone.
6:30 of 1st period - Snap shot by Jonathan Toews.
6:30 of 1st period - Stopped by Martin Jones with a rebound.
6:54 of 1st period - Madison Bowey is hit by Jordan Martinook and loses puck.
7:12 of 1st period - Icing by Jake Gardiner.
7:13 of 1st period - Casey Cizikas wins face-off versus Jesse Puljujarvi in Senateurs zone.
7:59 of 1st period - Wrist shot by Adam Henrique.
7:59 of 1st period - Stopped by Kevin Poulin without a rebound.
8:00 of 1st period - Alexander Wennberg wins face-off versus Adam Henrique in Bruins zone.
8:05 of 1st period - Snap shot by Alexander Wennberg.
8:05 of 1st period - Stopped by Martin Jones without a rebound.
8:06 of 1st period - Nick Bjugstad wins face-off versus Jonathan Toews in Senateurs zone.
8:15 of 1st period - Snap shot by Nick Bjugstad.
8:15 of 1st period - Shot Blocked by Zack Kassian.
8:17 of 1st period - Slapshot by Alex Iafallo.
8:17 of 1st period - Stopped by Kevin Poulin with a rebound.
8:19 of 1st period - Snap shot by Alex Iafallo.
8:19 of 1st period - Shot Blocked by Mattias Ekholm.
8:21 of 1st period - Snap shot by Michael Frolik.
8:21 of 1st period - Shot Misses the Net.
8:31 of 1st period - Richard Panik is hit by Wojtek Wolski and loses puck.
8:36 of 1st period - Slapshot by David Backes.
8:36 of 1st period - Stopped by Martin Jones with a rebound.
8:38 of 1st period - Backhand shot by Mattias Ekholm.
8:38 of 1st period - Deflect By Alexander Wennberg.
8:38 of 1st period - Deflect By Brendan Smith.
8:38 of 1st period - Shot Misses the Net.
8:38 of 1st period - Puck is out of play.
8:39 of 1st period - John Quenneville wins face-off versus Nick Bjugstad in Senateurs zone.
9:13 of 1st period - Slapshot by Jonathan Toews.
9:13 of 1st period - Stopped by Martin Jones with a rebound.
9:36 of 1st period - Wrist shot by Quinton Howden.
9:36 of 1st period - Deflect By Richard Panik.
9:36 of 1st period - Shot Blocked by Adam Pelech.
9:36 of 1st period - Puck is out of play.
9:37 of 1st period - Casey Cizikas wins face-off versus Nick Bjugstad in Bruins zone.
9:48 of 1st period - Snap shot by Casey Cizikas.
9:48 of 1st period - Stopped by Martin Jones with a rebound.
9:50 of 1st period - Backhand shot by Adam Pelech.
9:50 of 1st period - Stopped by Martin Jones with a rebound.
9:52 of 1st period - Wrist shot by Andreas Athanasiou.
9:52 of 1st period - Shot Misses the Net.
9:54 of 1st period - Snap shot by Casey Cizikas.
9:54 of 1st period - Stopped by Martin Jones without a rebound.
9:55 of 1st period - Jonathan Toews wins face-off versus Adam Henrique in Senateurs zone.
10:00 of 1st period - Wrist shot by Zack Kassian.
10:00 of 1st period - Shot Blocked by Anton Lindholm.
10:06 of 1st period - Snap shot by Zack Kassian.
10:06 of 1st period - Stopped by Martin Jones without a rebound.
10:07 of 1st period - Jonathan Toews wins face-off versus Nick Bjugstad in Senateurs zone.
10:24 of 1st period - Slapshot by Gabriel Landeskog.
10:24 of 1st period - Stopped by Martin Jones without a rebound.
10:25 of 1st period - Quinton Howden wins face-off versus Alexander Wennberg in Senateurs zone.
10:30 of 1st period - David Backes is hit by Jake Gardiner and loses puck.
10:42 of 1st period - Slapshot by Torey Krug.
10:42 of 1st period - Shot Blocked by Zach Bogosian.
10:48 of 1st period - Minor Penalty to Jake Gardiner for Holding.
10:49 of 1st period - Quinton Howden wins face-off versus Zack Kassian in Senateurs zone.
11:06 of 1st period - Snap shot by Zack Kassian.
11:06 of 1st period - Shot Blocked by Eric Gelinas.
12:35 of 1st period - Icing by Josh Manson.
12:36 of 1st period - Jonathan Toews wins face-off versus Nick Bjugstad in Bruins zone.
12:48 of 1st period - Penalty to Jake Gardiner is over, Jake Gardiner is back on ice.
13:09 of 1st period - Eric Wellwood is hit by Jesse Puljujarvi and loses puck.
13:19 of 1st period - Icing by Christoph Bertschy.
13:20 of 1st period - Adam Henrique wins face-off versus John Quenneville in Senateurs zone.
13:31 of 1st period - Wrist shot by Jordan Martinook.
13:31 of 1st period - Stopped by Kevin Poulin with a rebound.
16:05 of 1st period - Off-side.
16:06 of 1st period - Jonathan Toews wins face-off versus Adam Henrique in neutral zone.
16:24 of 1st period - Off-side.
16:25 of 1st period - Alexander Wennberg wins face-off versus Quinton Howden in neutral zone.
16:34 of 1st period - Backhand shot by Alexander Wennberg.
16:34 of 1st period - Shot Blocked by Brendan Smith.
17:03 of 1st period - Snap shot by Adam Henrique.
17:03 of 1st period - Stopped by Kevin Poulin with a rebound.
17:34 of 1st period - Minor Penalty to Eric Wellwood for Cross-checking.
17:35 of 1st period - Nick Bjugstad wins face-off versus Jonathan Toews in Bruins zone.
17:44 of 1st period - Snap shot by Nick Bjugstad.
17:44 of 1st period - Stopped by Kevin Poulin without a rebound.
17:45 of 1st period - Jonathan Toews wins face-off versus Nick Bjugstad in Bruins zone.
18:34 of 1st period - Wrist shot by Nick Bjugstad.
18:34 of 1st period - Stopped by Kevin Poulin without a rebound.
18:35 of 1st period - Quinton Howden wins face-off versus Alexander Wennberg in Bruins zone.
19:02 of 1st period - Jason Demers is hit by Alex Iafallo and loses puck.
19:16 of 1st period - Jared Cowen is hit by Gabriel Landeskog and loses puck.
19:34 of 1st period - Penalty to Eric Wellwood is over, Eric Wellwood is back on ice.
Goals for this period are 1 for Senateurs vs 0 for Bruins.
Shots for this period are 10 for Senateurs vs 12 for Bruins.
2nd period
0:01 of 2nd period - Nick Bjugstad wins face-off versus Jonathan Toews in neutral zone.
0:04 of 2nd period - Slapshot by Zach Bogosian.
0:04 of 2nd period - Stopped by Kevin Poulin with a rebound.
0:06 of 2nd period - Snap shot by Alex Iafallo.
0:06 of 2nd period - Stopped by Kevin Poulin with a rebound.
0:28 of 2nd period - Icing by Jake Gardiner.
0:29 of 2nd period - Alexander Wennberg wins face-off versus Riley Sheahan in Senateurs zone.
1:10 of 2nd period - Snap shot by Alexander Wennberg.
1:10 of 2nd period - Stopped by Martin Jones with a rebound.
1:34 of 2nd period - Wrist shot by Alexander Wennberg.
1:34 of 2nd period - Shot Misses the Net.
1:58 of 2nd period - Snap shot by Alexander Wennberg.
1:58 of 2nd period - Stopped by Martin Jones with a rebound.
2:14 of 2nd period - Wrist shot by Alexander Wennberg.
2:14 of 2nd period - Shot Misses the Net.
2:37 of 2nd period - Slapshot by David Backes.
2:37 of 2nd period - Shot Blocked by Eric Gelinas.
2:49 of 2nd period - Torey Krug is hit by Jordan Martinook and loses puck.
3:06 of 2nd period - Wrist shot by Jordan Martinook.
3:06 of 2nd period - Shot Misses the Net.
3:08 of 2nd period - Slapshot by Jordan Martinook.
3:08 of 2nd period - Shot Misses the Net.
3:57 of 2nd period - Slapshot by Eric Gelinas.
3:57 of 2nd period - Shot Misses the Net.
3:59 of 2nd period - Slapshot by Eric Gelinas.
3:59 of 2nd period - Deflect By Riley Sheahan.
3:59 of 2nd period - Stopped by Kevin Poulin without a rebound.
4:00 of 2nd period - Nick Bjugstad wins face-off versus Jonathan Toews in Bruins zone.
4:34 of 2nd period - Zachary Sanford is hit by Mattias Ekholm and loses puck.
5:13 of 2nd period - Brendan Smith is hit by Jonathan Toews and loses puck.
5:18 of 2nd period - Snap shot by Zack Kassian.
5:18 of 2nd period - Shot Misses the Net.
5:20 of 2nd period - Snap shot by Gabriel Landeskog.
5:20 of 2nd period - Stopped by Martin Jones without a rebound.
5:21 of 2nd period - Jonathan Toews wins face-off versus Quinton Howden in Senateurs zone.
5:26 of 2nd period - Snap shot by Jonathan Toews.
5:26 of 2nd period - Stopped by Martin Jones without a rebound.
5:27 of 2nd period - Jonathan Toews wins face-off versus Quinton Howden in Senateurs zone.
5:52 of 2nd period - Backhand shot by Quinton Howden.
5:52 of 2nd period - Shot Misses the Net.
5:54 of 2nd period - Slapshot by Jake Gardiner.
5:54 of 2nd period - Deflect By Zachary Sanford.
5:54 of 2nd period - Stopped by Kevin Poulin without a rebound.
5:55 of 2nd period - Casey Cizikas wins face-off versus Nick Bjugstad in Bruins zone.
6:06 of 2nd period - Wrist shot by Michael Frolik.
6:06 of 2nd period - Shot Blocked by Andreas Athanasiou.
6:23 of 2nd period - Off-side.
6:24 of 2nd period - John Quenneville wins face-off versus Christoph Bertschy in neutral zone.
6:29 of 2nd period - Slapshot by Zach Bogosian.
6:29 of 2nd period - Deflect By Jeremy Morin.
6:29 of 2nd period - Stopped by Kevin Poulin without a rebound.
6:30 of 2nd period - Jonathan Toews wins face-off versus Nick Bjugstad in Bruins zone.
6:37 of 2nd period - Snap shot by Zack Kassian.
6:37 of 2nd period - Shot Misses the Net.
7:05 of 2nd period - Slapshot by Zach Bogosian.
7:05 of 2nd period - Stopped by Kevin Poulin with a rebound.
7:07 of 2nd period - Slapshot by Jake Gardiner.
7:07 of 2nd period - Shot Blocked by Madison Bowey.
7:09 of 2nd period - Snap shot by Richard Panik.
7:09 of 2nd period - Stopped by Kevin Poulin without a rebound.
7:10 of 2nd period - Nick Bjugstad wins face-off versus Gabriel Landeskog in Bruins zone.
7:19 of 2nd period - Wrist shot by Michael Frolik.
7:19 of 2nd period - Stopped by Kevin Poulin with a rebound.
7:21 of 2nd period - Slapshot by Brendan Smith.
7:21 of 2nd period - Deflect By Alex Iafallo.
7:21 of 2nd period - Stopped by Kevin Poulin with a rebound.
7:23 of 2nd period - Snap shot by Anton Lindholm.
7:23 of 2nd period - Shot Misses the Net.
8:20 of 2nd period - Snap shot by Jonathan Toews.
8:20 of 2nd period - Stopped by Martin Jones with a rebound.
8:45 of 2nd period - Snap shot by Casey Cizikas.
8:45 of 2nd period - Shot Blocked by Jesse Puljujarvi.
8:47 of 2nd period - Slapshot by Torey Krug.
8:47 of 2nd period - Shot Blocked by Jake Gardiner.
8:49 of 2nd period - Slapshot by Torey Krug.
8:49 of 2nd period - Stopped by Martin Jones with a rebound.
9:09 of 2nd period - Wrist shot by Alexander Wennberg.
9:09 of 2nd period - Shot Blocked by Zach Bogosian.
9:33 of 2nd period - Slapshot by Jared Cowen.
9:33 of 2nd period - Stopped by Kevin Poulin without a rebound.
9:34 of 2nd period - Nick Bjugstad wins face-off versus Casey Cizikas in Bruins zone.
9:38 of 2nd period - Off-side.
9:39 of 2nd period - Casey Cizikas wins face-off versus Alex Iafallo in neutral zone.
10:00 of 2nd period - Backhand shot by Casey Cizikas.
10:00 of 2nd period - Shot Misses the Net.
10:10 of 2nd period - Snap shot by Casey Cizikas.
10:10 of 2nd period - Stopped by Martin Jones without a rebound.
10:11 of 2nd period - Jonathan Toews wins face-off versus Nick Bjugstad in Senateurs zone.
11:19 of 2nd period - Slapshot by Casey Cizikas.
11:19 of 2nd period - Stopped by Martin Jones with a rebound.
11:21 of 2nd period - Slapshot by Adam Pelech.
11:21 of 2nd period - Bruins goal is going for a video replay.
11:21 of 2nd period - The goal is refused. The net was displaced accidentally..
11:22 of 2nd period - Casey Cizikas wins face-off versus Michael Frolik in Senateurs zone.
11:23 of 2nd period - Snap shot by Eric Wellwood.
11:23 of 2nd period - Shot Misses the Net.
11:50 of 2nd period - Minor Penalty to Nick Bjugstad for Slashing.
11:51 of 2nd period - Jonathan Toews wins face-off versus Quinton Howden in Senateurs zone.
13:38 of 2nd period - Eric Gelinas is hit by Zack Kassian and loses puck.
13:50 of 2nd period - Penalty to Nick Bjugstad is over, Nick Bjugstad is back on ice.
14:59 of 2nd period - Slapshot by Alex Iafallo.
14:59 of 2nd period - Stopped by Kevin Poulin with a rebound.
15:01 of 2nd period - Minor Penalty to Torey Krug for Cross-checking.
15:02 of 2nd period - Jonathan Toews wins face-off versus Nick Bjugstad in Bruins zone.
15:08 of 2nd period - Icing by Jake Gardiner.
15:09 of 2nd period - Nick Bjugstad wins face-off versus Jonathan Toews in Senateurs zone.
15:33 of 2nd period - Off-side.
15:34 of 2nd period - Quinton Howden wins face-off versus Jonathan Toews in neutral zone.
15:41 of 2nd period - Slapshot by Zachary Sanford.
15:41 of 2nd period - Shot Misses the Net.
15:43 of 2nd period - Slapshot by Jake Gardiner.
15:43 of 2nd period - Shot Misses the Net.
15:45 of 2nd period - Slapshot by Jake Gardiner.
15:45 of 2nd period - Shot Misses the Net.
16:05 of 2nd period - Madison Bowey is hit by Michael Frolik and loses puck.
16:46 of 2nd period - Josh Manson is hit by Alex Iafallo and loses puck.
17:01 of 2nd period - Penalty to Torey Krug is over, Torey Krug is back on ice.
17:28 of 2nd period - Casey Cizikas is hit by Jeremy Morin and loses puck.
17:37 of 2nd period - Backhand shot by Andreas Athanasiou.
17:37 of 2nd period - Shot Blocked by Anton Lindholm.
18:02 of 2nd period - Snap shot by Gabriel Landeskog.
18:02 of 2nd period - Goal by Gabriel Landeskog - Senateurs : 1 - Bruins : 1.
18:03 of 2nd period - Nick Bjugstad wins face-off versus Jonathan Toews in neutral zone.
18:06 of 2nd period - Backhand shot by Zach Bogosian.
18:06 of 2nd period - Deflect By Nick Bjugstad.
18:06 of 2nd period - Shot Blocked by Madison Bowey.
18:06 of 2nd period - Puck is out of play.
18:07 of 2nd period - Nick Bjugstad wins face-off versus Jonathan Toews in Bruins zone.
18:14 of 2nd period - Snap shot by Michael Frolik.
18:14 of 2nd period - Stopped by Kevin Poulin with a rebound.
18:16 of 2nd period - Snap shot by Michael Frolik.
18:16 of 2nd period - Deflect By Nick Bjugstad.
18:16 of 2nd period - Shot Misses the Net.
18:16 of 2nd period - Puck is out of play.
18:17 of 2nd period - Jonathan Toews wins face-off versus Nick Bjugstad in Bruins zone.
18:17 of 2nd period - Jonathan Toews is hit by Zach Bogosian.
18:30 of 2nd period - Wrist shot by Michael Frolik.
18:30 of 2nd period - Shot Misses the Net.
19:35 of 2nd period - Wrist shot by Zack Kassian.
19:35 of 2nd period - Stopped by Martin Jones without a rebound.
19:36 of 2nd period - Adam Henrique wins face-off versus Jonathan Toews in Senateurs zone.
19:41 of 2nd period - Wrist shot by Anton Lindholm.
19:41 of 2nd period - Stopped by Kevin Poulin without a rebound.
19:42 of 2nd period - Gabriel Landeskog wins face-off versus Adam Henrique in Bruins zone.
19:57 of 2nd period - Wrist shot by Gabriel Landeskog.
19:57 of 2nd period - Stopped by Martin Jones with a rebound.
19:59 of 2nd period - Slapshot by Jason Demers.
19:59 of 2nd period - Stopped by Martin Jones with a rebound.
Goals for this period are 0 for Senateurs vs 1 for Bruins.
Shots for this period are 13 for Senateurs vs 13 for Bruins.
3rd period
0:01 of 3rd period - Nick Bjugstad wins face-off versus Jonathan Toews in neutral zone.
0:26 of 3rd period - Quinton Howden is hit by David Backes and loses puck.
0:39 of 3rd period - Double Minor Penalty to Zachary Sanford for Slashing.
0:40 of 3rd period - Quinton Howden wins face-off versus Jonathan Toews in Senateurs zone.
2:33 of 3rd period - Jake Gardiner is hit by Jonathan Toews and loses puck.
3:00 of 3rd period - Adam Henrique is hit by Andreas Athanasiou and loses puck.
3:35 of 3rd period - Jordan Martinook is hit by Casey Cizikas and loses puck.
4:22 of 3rd period - Alexander Wennberg is hit by Nick Bjugstad and loses puck.
4:39 of 3rd period - Penalty to Zachary Sanford is over, Zachary Sanford is back on ice.
4:51 of 3rd period - Wrist shot by John Quenneville.
4:51 of 3rd period - Shot Blocked by Jesse Puljujarvi.
5:18 of 3rd period - Anton Lindholm is hit by Mattias Ekholm and loses puck.
5:29 of 3rd period - Andreas Athanasiou is hit by Richard Panik and loses puck.
6:13 of 3rd period - Josh Manson is hit by Riley Sheahan and loses puck.
6:43 of 3rd period - Gabriel Landeskog is hit by Alex Iafallo and loses puck.
6:54 of 3rd period - Torey Krug is hit by Brendan Smith and loses puck.
7:24 of 3rd period - John Quenneville is hit by Michael Frolik and loses puck.
7:44 of 3rd period - Snap shot by Jeremy Morin.
7:44 of 3rd period - Shot Hit the Post.
7:50 of 3rd period - Christoph Bertschy is hit by Alexander Wennberg and loses puck.
8:33 of 3rd period - Alex Iafallo is hit by Jonathan Toews.
9:12 of 3rd period - Wrist shot by Richard Panik.
9:12 of 3rd period - Shot Blocked by Beau Bennett.
9:38 of 3rd period - Wrist shot by Eric Wellwood.
9:38 of 3rd period - Shot Blocked by Jake Gardiner.
9:40 of 3rd period - Wrist shot by Eric Wellwood.
9:40 of 3rd period - Shot Blocked by Zach Bogosian.
9:42 of 3rd period - Slapshot by Adam Pelech.
9:42 of 3rd period - Shot Misses the Net.
9:56 of 3rd period - Wrist shot by Riley Sheahan.
9:56 of 3rd period - Shot Misses the Net.
9:58 of 3rd period - Snap shot by Zach Bogosian.
9:58 of 3rd period - Deflect By Adam Pelech.
9:58 of 3rd period - Stopped by Kevin Poulin without a rebound.
9:59 of 3rd period - Adam Henrique wins face-off versus Zack Kassian in Bruins zone.
10:05 of 3rd period - Off-side.
10:06 of 3rd period - Jonathan Toews wins face-off versus Nick Bjugstad in neutral zone.
10:31 of 3rd period - Zack Kassian is hit by Anton Lindholm and loses puck.
10:43 of 3rd period - Snap shot by Zack Kassian.
10:43 of 3rd period - Stopped by Martin Jones without a rebound.
10:44 of 3rd period - Alexander Wennberg wins face-off versus Adam Henrique in Senateurs zone.
10:55 of 3rd period - Snap shot by Alexander Wennberg.
10:55 of 3rd period - Stopped by Martin Jones with a rebound.
10:57 of 3rd period - Wrist shot by Alexander Wennberg.
10:57 of 3rd period - Stopped by Martin Jones with a rebound.
10:59 of 3rd period - Wrist shot by Madison Bowey.
10:59 of 3rd period - Deflect By David Backes.
10:59 of 3rd period - Stopped by Martin Jones with a rebound.
12:45 of 3rd period - Snap shot by Eric Wellwood.
12:45 of 3rd period - Deflect By Casey Cizikas.
12:45 of 3rd period - Shot Misses the Net.
12:45 of 3rd period - Puck is out of play.
12:46 of 3rd period - Casey Cizikas wins face-off versus Quinton Howden in Senateurs zone.
12:53 of 3rd period - Wrist shot by Casey Cizikas.
12:53 of 3rd period - Shot Blocked by Jake Gardiner.
12:55 of 3rd period - Wrist shot by Eric Wellwood.
12:55 of 3rd period - Stopped by Martin Jones with a rebound.
13:07 of 3rd period - Snap shot by Casey Cizikas.
13:07 of 3rd period - Stopped by Martin Jones without a rebound.
13:08 of 3rd period - Nick Bjugstad wins face-off versus Jonathan Toews in Senateurs zone.
13:15 of 3rd period - Snap shot by Gabriel Landeskog.
13:15 of 3rd period - Stopped by Martin Jones without a rebound.
13:16 of 3rd period - Nick Bjugstad wins face-off versus Zack Kassian in Senateurs zone.
13:29 of 3rd period - Slapshot by Zack Kassian.
13:29 of 3rd period - Shot Misses the Net.
13:44 of 3rd period - Icing by Josh Manson.
13:45 of 3rd period - Jonathan Toews wins face-off versus Adam Henrique in Bruins zone.
13:50 of 3rd period - Slapshot by Josh Manson.
13:50 of 3rd period - Stopped by Martin Jones without a rebound.
13:51 of 3rd period - Alexander Wennberg wins face-off versus Jordan Martinook in Senateurs zone.
14:24 of 3rd period - Snap shot by Zack Kassian.
14:24 of 3rd period - Stopped by Martin Jones without a rebound.
14:25 of 3rd period - Nick Bjugstad wins face-off versus Jonathan Toews in Senateurs zone.
14:25 of 3rd period - Nick Bjugstad is hit by Gabriel Landeskog.
14:35 of 3rd period - Snap shot by Alex Iafallo.
14:35 of 3rd period - Stopped by Kevin Poulin with a rebound.
14:48 of 3rd period - Icing by Jared Cowen.
14:49 of 3rd period - Nick Bjugstad wins face-off versus Alexander Wennberg in Senateurs zone.
15:20 of 3rd period - Jake Gardiner is hit by Jonathan Toews.
15:37 of 3rd period - Andreas Athanasiou is hit by Jake Gardiner.
16:00 of 3rd period - Torey Krug is hit by Jesse Puljujarvi and loses puck.
16:03 of 3rd period - Slapshot by Torey Krug.
16:03 of 3rd period - Shot Misses the Net.
16:05 of 3rd period - Snap shot by Wojtek Wolski.
16:05 of 3rd period - Stopped by Martin Jones without a rebound.
16:06 of 3rd period - Quinton Howden wins face-off versus Alexander Wennberg in Senateurs zone.
16:12 of 3rd period - Off-side.
16:13 of 3rd period - Jonathan Toews wins face-off versus Quinton Howden in neutral zone.
16:16 of 3rd period - Quinton Howden is hit by Zack Kassian and loses puck.
16:23 of 3rd period - Backhand shot by Zack Kassian.
16:23 of 3rd period - Shot Misses the Net.
16:51 of 3rd period - Wrist shot by Eric Wellwood.
16:51 of 3rd period - Shot Misses the Net.
17:07 of 3rd period - Slapshot by Christoph Bertschy.
17:07 of 3rd period - Stopped by Kevin Poulin without a rebound.
17:08 of 3rd period - Christoph Bertschy wins face-off versus Jonathan Toews in Bruins zone.
17:11 of 3rd period - Wrist shot by Jeremy Morin.
17:11 of 3rd period - Stopped by Kevin Poulin with a rebound.
17:13 of 3rd period - Snap shot by Jesse Puljujarvi.
17:13 of 3rd period - Shot Misses the Net.
17:15 of 3rd period - Slapshot by Anton Lindholm.
17:15 of 3rd period - Shot Blocked by Torey Krug.
17:17 of 3rd period - Snap shot by Jesse Puljujarvi.
17:17 of 3rd period - Stopped by Kevin Poulin with a rebound.
17:21 of 3rd period - Snap shot by Christoph Bertschy.
17:21 of 3rd period - Stopped by Kevin Poulin without a rebound.
17:22 of 3rd period - Casey Cizikas wins face-off versus Quinton Howden in Bruins zone.
17:58 of 3rd period - Snap shot by Michael Frolik.
17:58 of 3rd period - Deflect By Alex Iafallo.
17:58 of 3rd period - Shot Blocked by Torey Krug.
17:58 of 3rd period - Puck is out of play.
17:59 of 3rd period - Adam Henrique wins face-off versus Jonathan Toews in Bruins zone.
18:41 of 3rd period - Minor Penalty to Zach Bogosian for High sticking.
18:42 of 3rd period - Quinton Howden wins face-off versus Jonathan Toews in Senateurs zone.
Goals for this period are 0 for Senateurs vs 0 for Bruins.
Shots for this period are 6 for Senateurs vs 10 for Bruins.
Overtime #1
0:01 of 1st overtime period - Jonathan Toews wins face-off versus Quinton Howden in neutral zone.
0:10 of 1st overtime period - Slapshot by Gabriel Landeskog.
0:10 of 1st overtime period - Shot Blocked by Anton Lindholm.
0:40 of 1st overtime period - Slapshot by Anton Lindholm.
0:40 of 1st overtime period - Deflect By Alex Iafallo.
0:40 of 1st overtime period - Stopped by Kevin Poulin with a rebound.
0:41 of 1st overtime period - Penalty to Zach Bogosian is over, Zach Bogosian is back on ice.
1:28 of 1st overtime period - Snap shot by Michael Frolik.
1:28 of 1st overtime period - Stopped by Kevin Poulin with a rebound.
2:37 of 1st overtime period - Wrist shot by Richard Panik.
2:37 of 1st overtime period - Deflect By Madison Bowey.
2:37 of 1st overtime period - Stopped by Kevin Poulin without a rebound.
2:38 of 1st overtime period - Jonathan Toews wins face-off versus Richard Panik in Bruins zone.
2:43 of 1st overtime period - Slapshot by Wojtek Wolski.
2:43 of 1st overtime period - Shot Misses the Net.
2:45 of 1st overtime period - Snap shot by Jonathan Toews.
2:45 of 1st overtime period - Shot Misses the Net.
2:47 of 1st overtime period - Wrist shot by Wojtek Wolski.
2:47 of 1st overtime period - Stopped by Martin Jones without a rebound.
2:48 of 1st overtime period - Adam Henrique wins face-off versus Gabriel Landeskog in Senateurs zone.
2:57 of 1st overtime period - Slapshot by Zack Kassian.
2:57 of 1st overtime period - Shot Misses the Net.
2:59 of 1st overtime period - Backhand shot by Jason Demers.
2:59 of 1st overtime period - Shot Misses the Net.
3:01 of 1st overtime period - Slapshot by Jason Demers.
3:01 of 1st overtime period - Stopped by Martin Jones with a rebound.
3:27 of 1st overtime period - Snap shot by Michael Frolik.
3:27 of 1st overtime period - Goal by Michael Frolik - Senateurs : 2 - Bruins : 1.
Goals for this period are 1 for Senateurs vs 0 for Bruins.
Shots for this period are 4 for Senateurs vs 2 for Bruins.